 Dungeon Crawl Stone Soup version 0.25.0-46-gbd7b0854d2 (webtiles) character file.

Game seed: 18264625592491217000

49 Milting the Grave Robber (level 3, 0/24 HPs)
             Began as a Mummy Necromancer on July 12, 2020.
             Killed from afar by an orc wizard (2 damage)
             ... with a magic dart
             ... on level 2 of the Dungeon.
             The game lasted 00:07:51 (1748 turns).

Milting the Grave Robber (Mummy Necromancer)        Turns: 1748, Time: 00:07:52

Health: 0/24       AC:  6    Str: 11    XL:     3   Next: 51%
Magic:  8/8        EV:  9    Int: 15    God:
Gold:   41         SH:  0    Dex: 12    Spells: 9/10 levels left

rFire    x . .     SeeInvis .   e - +2 hand axe (freeze)
rCold    + . .     Gourm    .   (no shield)
rNeg     + + +     Faith    .   c - -1 scale mail (curse)
rPois    ∞         Spirit   .   (no helmet)
rElec    .         Reflect  .   (no cloak)
rCorr    .         Harm     .   (no gloves)
MR       .....                  l - +0 pair of boots
Stlth    ..........             (no amulet)
HPRegen  0.08/turn              (no ring)
MPRegen  0.11/turn              (no ring)

@: no status effects
A: no food or potions, fire vulnerability, cold resistance 1, negative energy
resistance 3, torment resistance, unbreathing
a: no special abilities


You were on level 2 of the Dungeon.
You were not hungry.

You visited 1 branch of the dungeon, and saw 3 of its levels.

You collected 41 gold pieces.

Inventory:

Hand Weapons
 b - a +0 dagger of speed
 e - a +2 hand axe of freezing (weapon)
Armour
 a - a +0 robe
 c - a cursed -1 scale mail (worn)
 f - a +0 ring mail
 l - a +0 pair of boots (worn)
Scrolls
 d - a scroll of fear {unknown}
 i - 2 scrolls of identify {unknown}
 j - a scroll of enchant armour {unknown}
 k - a scroll of amnesia {unknown}
 m - a scroll of remove curse {unknown}
Potions
 g - a potion of heal wounds {unknown}
 h - a potion of stabbing {unknown}
 n - a potion of flight {unknown}
Comestibles
 o - a ration


   Skills:
 - Level 1.5 Dodging
 - Level 1.5 Stealth
 * Level 4.0 Spellcasting
 * Level 4.7 Necromancy


You had 9 spell levels left.
You knew the following spells:

 Your Spells              Type           Power        Failure   Level  Hunger
a - Pain                  Necr           ###.         17%         1    N/A

Your spell library contained the following spells:

 Spells                   Type           Power        Failure   Level  Hunger
 Animate Skeleton         Necr           N/A          17%         1    N/A
 Vampiric Draining        Necr           ###.......   45%         3    N/A
 Animate Dead             Necr           N/A          86%         4    N/A
 Agony                    Necr           ###.....     99%         5    N/A

Dungeon Overview and Level Annotations

Branches:
Dungeon (3/15)

Altars:


Innate Abilities, Weirdness & Mutations

You do not eat or drink.
Your flesh is vulnerable to fire.
You are immune to poison.
Your flesh is cold resistant. (rC+)
You are immune to negative energy. (rN+++)
You are immune to unholy pain and torment.
You can survive without breathing.


Message History

A mysterious force pulls you upwards. The hatch slams shut behind you.
The hobgoblin shouts!
Reactivating autopickup.
A dart slug comes into view.
The teleport trap disappears.
The hobgoblin disappears!
Found a helmet.
Deactivating autopickup; reactivate with Ctrl-A.
You miss something. You hit the orc wizard. You freeze the orc wizard.
You barely miss the kobold. Something hits you but does no damage.
The orc wizard hits you but does no damage.
The kobold hits you but does no damage. Something hits you.
* * * LOW HITPOINT WARNING * * *
The orc wizard gestures at you while chanting.
The magic dart hits you.
* * * LOW HITPOINT WARNING * * *
You closely miss something. You closely miss the orc wizard.
You hit the kobold but do no damage. The kobold hits you but does no damage.
The orc wizard casts a spell at you. The magic dart hits you.
You die...

#### ...
##.###
#@...#
#.K.o#.#
#.....#
#.##w##.
.. [. ..
.# ##.
..# ..
.# .. .#


You could see an orc wizard, a dart slug and a kobold.

Vanquished Creatures
  A gnoll (D:1)
  2 dart slugs (D:1)
  A leopard gecko (D:2)
  A ball python (D:2)
  4 bats (D:1)
  2 giant cockroaches (D:1)
  2 goblins (D:1)
  4 hobgoblins (D:1)
  4 jackals (D:1)
  3 kobolds (D:1)
  7 rats
31 creatures vanquished.

Notes
Turn   | Place    | Note
-------+----------+-------------------------------------------
     0 | D:1      | Milting the Mummy Necromancer began the quest for the Orb.
     0 | D:1      | Reached XP level 1. HP: 13/13 MP: 4/4
   737 | D:1      | Reached XP level 2. HP: 15/19 MP: 0/6
  1070 | D:1      | Reached XP level 3. HP: 16/24 MP: 0/8
  1722 | D:2      | You fall into a shaft and drop 1 floor!
  1748 | D:2      | Killed from afar by an orc wizard

Illustrated notes

Levels and vault maps discovered:
D:1:      noname_arrival_rooms_in_the_neighbourhood, layout_basic
D:2:      layout_loops_ring, chequers_temple_overflow_minitemple, tgw_trog
D:3:      layout_basic, lemuel_crystal_altar, first_ration,
          chequers_serial_rivers_small_b

Skill      XL: |  1  2  3 |
---------------+----------+-----
Spellcasting   | 3 4 |  4.0
Dodging        | |  1.5
Stealth        | |  1.5
Necromancy     | |  4.7

Action                   || total
-------------------------++-------
Melee: Dagger            ||    11
       Unarmed           ||     3
       Hand axe          ||     9
 Cast: Pain              ||    58
Armor: Scale mail        ||    40
       Robe              ||     2
Dodge: Dodged            ||    46
